TOP OF THE 1ST |
Washington State University Cougars batting - Pitching for University of Michigan Wolverines : LHP Benjamin Alderdice
|
Pitching: LHP Benjamin Alderdice
|
|
Batting: LHB Randolph Brodbeck
|
0-0: Fly out, F7 (Flyball, 7S, EV 86.9 MPH)
|
Batting: LHB Jeremy Rideout
|
0-0: Ground out 1-3 (Groundball, 13S, EV 65.6 MPH)
|
Batting: RHB Jon Chatman
|
0-0: Foul Ball, location: 2F 0-1: Ball 1-1: Swinging Strike 1-2: SINGLE (Groundball, 6D, EV 110.0 MPH)
|
Batting: RHB Miguel Pacheco
|
0-0: Ball 1-0: Called Strike 1-1: SINGLE (Groundball, 34S, EV 87.5 MPH) (infield hit) Jon Chatman to second
|
Batting: RHB Noe Oliva
|
0-0: Ball 1-0: Ball 2-0: Foul Ball, location: 2F 2-1: Hit by Pitch Jon Chatman to third Miguel Pacheco to second
|
Batting: LHB Alex Gutierrez
|
0-0: Ball 1-0: Called Strike 1-1: Ball 2-1: Called Strike 2-2: Foul Ball, location: 2F 2-2: Ball 3-2: Base on Balls Jon Chatman scores Miguel Pacheco to third Noe Oliva to second
|
Batting: RHB Victor Borras
|
0-0: Ground out 4-3 (Groundball, 4, EV 87.5 MPH)
|
Top of the 1st over - 1 run, 2 hits, 0 errors, 3 left on base; Washington State University 1 - University of Michigan 0 |
BOTTOM OF THE 1ST |
University of Michigan Wolverines batting - Pitching for Washington State University Cougars : RHP Daniel McCleese
|
Pitching: RHP Daniel McCleese
|
|
Batting: RHB Justin Young
|
0-0: Called Strike 0-1: Foul Ball, location: 2F 0-2: Ball 1-2: Strikes out swinging
|
Batting: LHB Adrian Navarro
|
0-0: Called Strike 0-1: Ball 1-1: Ball 2-1: Foul Ball, location: 2F 2-2: Strikes out looking
|
Batting: RHB Alvin Abarca
|
0-0: Called Strike 0-1: Foul Ball, location: 2F 0-2: Foul Ball, location: 2F 0-2: Foul Ball, location: 2F 0-2: Strikes out swinging
|
Bottom of the 1st over - 0 runs, 0 hits, 0 errors, 0 left on base; Washington State University 1 - University of Michigan 0 |
TOP OF THE 2ND |
Washington State University Cougars batting - Pitching for University of Michigan Wolverines : LHP Benjamin Alderdice
|
Batting: LHB Victor Estrada
|
0-0: Ball 1-0: Ball 2-0: Ball 3-0: Base on Balls
|
Batting: RHB Eric Kent
|
0-0: Called Strike Balk! Victor Estrada to second 0-1: Ball 1-1: Reached on error, E5 (Groundball, 5L, EV 88.1 MPH) Victor Estrada to third
|
Batting: LHB Randolph Brodbeck
|
0-0: Grounds into double play, U3-6 (Groundball, 3L, EV 100.0 MPH) Victor Estrada scores
|
Batting: LHB Jeremy Rideout
|
0-0: Ball 1-0: Foul Ball, location: 2F 1-1: Swinging Strike 1-2: Ball 2-2: Foul Ball, location: 2F 2-2: Foul Ball, location: 2F 2-2: DOUBLE (Line Drive, 7LM, EV 113.8 MPH)
|
Batting: RHB Jon Chatman
|
0-0: Ball 1-0: Foul Ball, location: 2F 1-1: Ball 2-1: Ball 3-1: Base on Balls
|
Batting: RHB Miguel Pacheco
|
0-0: Fly out, F8 (Flyball, 8LD, EV 92.5 MPH)
|
Top of the 2nd over - 1 run, 1 hit, 1 error, 2 left on base; Washington State University 2 - University of Michigan 0 |
BOTTOM OF THE 2ND |
University of Michigan Wolverines batting - Pitching for Washington State University Cougars : RHP Daniel McCleese
|
Batting: RHB Jason Rhodes
|
0-0: Ball 1-0: Called Strike 1-1: Called Strike 1-2: Foul Ball, location: 2F 1-2: Foul Ball, location: 2F 1-2: Foul Ball, location: 2F 1-2: Foul Ball, location: 2F 1-2: Fly out, F3 (Popup, 23F, EV 92.5 MPH)
|
Batting: RHB Jamie Broadhurst
|
0-0: Foul Ball, location: 2F 0-1: Ball 1-1: Foul Ball, location: 2F 1-2: Strikes out looking
|
Batting: RHB Josh Stene
|
0-0: Ball 1-0: Ball 2-0: Reached on error, E4 (Groundball, 4, EV 90.0 MPH)
|
Batting: RHB Alexis Gallegos
|
0-0: Ball 1-0: Swinging Strike 1-1: Called Strike Pickoff Throw by Catcher to First - Out!
|
Bottom of the 2nd over - 0 runs, 0 hits, 1 error, 0 left on base; Washington State University 2 - University of Michigan 0 |
TOP OF THE 3RD |
Washington State University Cougars batting - Pitching for University of Michigan Wolverines : LHP Benjamin Alderdice
|
Batting: RHB Noe Oliva
|
0-0: Ball 1-0: Ball 2-0: Foul Ball, location: 2F 2-1: Ball 3-1: Called Strike 3-2: Base on Balls
|
Batting: LHB Alex Gutierrez
|
0-0: Ball Noe Oliva steals 2nd base 1-0: DOUBLE (Groundball, 3L, EV 96.2 MPH) Noe Oliva scores
|
Batting: RHB Victor Borras
|
0-0: Ball Balk! Alex Gutierrez to third 1-0: Ball 2-0: Called Strike 2-1: Swinging Strike 2-2: Ball 3-2: Base on Balls
|
Batting: LHB Victor Estrada
|
0-0: Ball 1-0: Ball 2-0: Ball 3-0: Base on Balls Victor Borras to second
|
Batting: RHB Eric Kent
|
0-0: Fielders Choice at 2nd, 6-4 (Groundball, 6S, EV 76.9 MPH) Alex Gutierrez scores Victor Borras to third
|
Pinch Hitting: RHB Jesus Montoya
|
0-0: Ball 1-0: Called Strike 1-1: Ball 2-1: SINGLE (Flyball, 4D, EV 83.1 MPH) Victor Borras scores Eric Kent to second
|
Pinch Hitting: RHB Leo Lopez
|
0-0: Ball 1-0: Ball Wild Pitch! Eric Kent to third Jesus Montoya to second 2-0: Called Strike 2-1: Foul Ball, location: 2F 2-2: Foul Ball, location: 2F 2-2: Ball 3-2: Base on Balls
|
Batting: RHB Jon Chatman
|
0-0: DOUBLE (Line Drive, 9LM, EV 105.6 MPH) Eric Kent scores Jesus Montoya scores Leo Lopez to third Runner from 3rd tries for Home, SAFE, no throw by RF
|
Pinch Hitting: LHB Tony Moore
|
0-0: Ball 1-0: 2-RUN HOME RUN (Flyball, 9D, EV 102.5 MPH), Distance : 364 ft
|
Batting: RHB Noe Oliva
|
0-0: Foul Ball, location: 2F 0-1: Ball 1-1: Ball 2-1: Ball 3-1: Base on Balls
|
Batting: LHB Cameron Marinelli
|
0-0: Grounds into double play, 5-4-3 (Groundball, 56, EV 83.8 MPH)
|
Top of the 3rd over - 8 runs, 4 hits, 0 errors, 0 left on base; Washington State University 10 - University of Michigan 0 |
BOTTOM OF THE 3RD |
University of Michigan Wolverines batting - Pitching for Washington State University Cougars : RHP Daniel McCleese
|
Now at 1B: Leo Lopez
|
|
Now in LF: Jesus Montoya
|
|
Now in RF: Tony Moore
|
|
Batting: RHB Alexis Gallegos
|
0-0: Ball 1-0: SOLO HOME RUN (Flyball, 78XD, EV 110.6 MPH), Distance : 455 ft
|
Batting: RHB Chris Everett
|
0-0: Foul Ball, location: 2F 0-1: Ball 1-1: Ball 2-1: Swinging Strike 2-2: Foul Ball, location: 2F 2-2: Ball 3-2: Base on Balls
|
Batting: RHB Jim Unknown
|
0-0: Ball 1-0: Fly out, F8 (Flyball, 8RD, EV 95.6 MPH)
|
Batting: RHB Justin Young
|
0-0: SINGLE (Groundball, 34D, EV 102.5 MPH) Chris Everett to second
|
Batting: LHB Adrian Navarro
|
0-0: Ball 1-0: Fly out, F7 (Flyball, 7, EV 90.6 MPH)
|
Batting: RHB Alvin Abarca
|
0-0: Ball 1-0: Called Strike 1-1: Swinging Strike 1-2: Strikes out swinging
|
Bottom of the 3rd over - 1 run, 2 hits, 0 errors, 2 left on base; Washington State University 10 - University of Michigan 1 |
TOP OF THE 4TH |
Washington State University Cougars batting - Pitching for University of Michigan Wolverines : LHP Benjamin Alderdice
|
Pinch Hitting: RHB Alex Perez
|
0-0: Ball 1-0: Ball 2-0: Called Strike 2-1: Ball 3-1: Base on Balls
|
Pinch Hitting: RHB Wilson Salgado
|
0-0: Fly out, F5 (Popup, 5SF, EV 68.1 MPH)
|
Batting: RHB Eric Kent
|
0-0: Fielders Choice at 2nd, 4-6 (Groundball, 4, EV 101.9 MPH)
|
Batting: RHB Jesus Montoya
|
0-0: Called Strike 0-1: Ball 1-1: SINGLE (Groundball, 34D, EV 95.6 MPH) Eric Kent to second Runner from 2nd tries for 3rd, SAFE, throw by RF made to third
|
Batting: RHB Leo Lopez
|
0-0: Ground out U3 (Groundball, 3, EV 103.1 MPH)
|
Top of the 4th over - 0 runs, 1 hit, 0 errors, 2 left on base; Washington State University 10 - University of Michigan 1 |
BOTTOM OF THE 4TH |
University of Michigan Wolverines batting - Pitching for Washington State University Cougars : RHP Daniel McCleese
|
Now at 2B: Wilson Salgado
|
|
Now at 3B: Luis Mendoza
|
|
Batting: RHB Jason Rhodes
|
0-0: Called Strike 0-1: Ball 1-1: Ball 2-1: Ball 3-1: SINGLE (Groundball, 34D, EV 101.9 MPH)
|
Batting: RHB Jamie Broadhurst
|
0-0: Called Strike 0-1: Called Strike 0-2: Ball 1-2: Foul Ball, location: 2F 1-2: Strikes out swinging
|
Batting: RHB Josh Stene
|
0-0: Reached on error, E3 (Groundball, 34, EV 93.1 MPH) Jason Rhodes to second
|
Batting: RHB Alexis Gallegos
|
0-0: Called Strike 0-1: Foul Ball, location: 2F 0-2: Strikes out looking
|
Batting: RHB Chris Everett
|
0-0: Called Strike 0-1: Ball 1-1: Foul Ball, location: 2F 1-2: SINGLE (Groundball, P, EV 80.6 MPH) (infield hit) Jason Rhodes to third Josh Stene to second
|
Batting: RHB Jim Unknown
|
0-0: Fly out, F4 (Line Drive, 4MD, EV 68.1 MPH)
|
Bottom of the 4th over - 0 runs, 2 hits, 1 error, 3 left on base; Washington State University 10 - University of Michigan 1 |
TOP OF THE 5TH |
Washington State University Cougars batting - Pitching for University of Michigan Wolverines : LHP Benjamin Alderdice
|
Batting: RHB Jon Chatman
|
0-0: SOLO HOME RUN (Flyball, 9D, EV 101.9 MPH), Distance : 379 ft
|
Batting: LHB Tony Moore
|
0-0: Ball 1-0: Ball 2-0: Ball 3-0: Called Strike 3-1: Foul Ball, location: 2F 3-2: Foul Ball, location: 2F 3-2: Base on Balls
|
Batting: RHB Noe Oliva
|
0-0: SINGLE (Groundball, 6, EV 100.0 MPH) Tony Moore to second
|
Batting: LHB Cameron Marinelli
|
0-0: Fly out, F8 (Flyball, 8LD, EV 93.1 MPH)
|
Batting: RHB Luis Mendoza
|
0-0: Fly out, F8 (Line Drive, 8LM, EV 88.1 MPH)
|
Batting: RHB Wilson Salgado
|
0-0: 3-RUN HOME RUN (Flyball, 7LD, EV 95.0 MPH), Distance : 382 ft
|
Pinch Hitting: SHB Cedric Sweep
|
0-0: Fly out, F2 (Popup, 25F, EV 84.4 MPH)
|
Top of the 5th over - 4 runs, 3 hits, 0 errors, 0 left on base; Washington State University 14 - University of Michigan 1 |
BOTTOM OF THE 5TH |
University of Michigan Wolverines batting - Pitching for Washington State University Cougars : RHP Daniel McCleese
|
Now at 2B: Cedric Sweep
|
|
Now at SS: Wilson Salgado
|
|
Batting: RHB Justin Young
|
0-0: Ball 1-0: Ball 2-0: Called Strike 2-1: Ground out 5-3 (Groundball, 56, EV 101.9 MPH)
|
Batting: LHB Adrian Navarro
|
0-0: Ball 1-0: Foul Ball, location: 2F 1-1: Foul Ball, location: 2F 1-2: Fly out, F8 (Flyball, 8RXD, EV 80.6 MPH)
|
Batting: RHB Alvin Abarca
|
0-0: Swinging Strike 0-1: Called Strike 0-2: Ball 1-2: SINGLE (Line Drive, 6D, EV 105.0 MPH)
|
Pitching: LHP Chris Alexopoulos
|
|
Batting: RHB Jason Rhodes
|
0-0: Swinging Strike 0-1: Ball 1-1: Fly out, F8 (Flyball, 8LD, EV 91.2 MPH)
|
Bottom of the 5th over - 0 runs, 1 hit, 0 errors, 1 left on base; Washington State University 14 - University of Michigan 1 |
TOP OF THE 6TH |
Washington State University Cougars batting - Pitching for University of Michigan Wolverines : LHP Benjamin Alderdice
|
Pinch Hitting: RHB Dave Beerman
|
0-0: Called Strike 0-1: Ball 1-1: SINGLE (Line Drive, 78M, EV 93.1 MPH)
|
Pinch Hitting: RHB David Snyder
|
0-0: Fielders Choice at 2nd, 6-4 (Groundball, 6, EV 100.6 MPH)
|
Batting: RHB Jon Chatman
|
0-0: Swinging Strike 0-1: Fielders Choice at 2nd, 1-6 (Groundball, 13S, EV 61.9 MPH)
|
Pinch Hitting: RHB Eric Peterson
|
0-0: Ground out 3-1 (Groundball, 34, EV 76.2 MPH)
|
Top of the 6th over - 0 runs, 1 hit, 0 errors, 1 left on base; Washington State University 14 - University of Michigan 1 |
BOTTOM OF THE 6TH |
University of Michigan Wolverines batting - Pitching for Washington State University Cougars : LHP Chris Alexopoulos
|
Pitching: LHP Travis Joyal
|
|
Now at 1B: Toby Clark
|
|
Now in LF: Eric Peterson
|
|
Now in CF: Paul Mooris
|
|
Now in RF: Dave Beerman
|
|
Batting: RHB Jamie Broadhurst
|
0-0: Called Strike 0-1: Ball 1-1: Foul Ball, location: 2F 1-2: Strikes out swinging
|
Batting: RHB Josh Stene
|
0-0: Ground out 3-1 (Groundball, 34S, EV 80.0 MPH)
|
Batting: RHB Alexis Gallegos
|
0-0: Fly out, F8 (Flyball, 8LD, EV 95.0 MPH)
|
Bottom of the 6th over - 0 runs, 0 hits, 0 errors, 0 left on base; Washington State University 14 - University of Michigan 1 |
TOP OF THE 7TH |
Washington State University Cougars batting - Pitching for University of Michigan Wolverines : LHP Benjamin Alderdice
|
Batting: LHB Paul Mooris
|
0-0: Fly out, F9 (Flyball, 89M, EV 90.0 MPH)
|
Batting: LHB Min-zhong Ching
|
0-0: Ground out U3 (Groundball, 34S, EV 83.8 MPH)
|
Batting: RHB Luis Mendoza
|
0-0: Ball 1-0: Called Strike 1-1: Ball 2-1: Foul Ball, location: 2F 2-2: Ball 3-2: Foul Ball, location: 2F 3-2: Base on Balls
|
Batting: RHB Wilson Salgado
|
0-0: Swinging Strike 0-1: Ball 1-1: Called Strike 1-2: Foul Ball, location: 2F 1-2: Strikes out swinging
|
Top of the 7th over - 0 runs, 0 hits, 0 errors, 1 left on base; Washington State University 14 - University of Michigan 1 |
BOTTOM OF THE 7TH |
University of Michigan Wolverines batting - Pitching for Washington State University Cougars : LHP Travis Joyal
|
Pitching: RHP Doug Hafer
|
|
Batting: RHB Chris Everett
|
0-0: Called Strike 0-1: Foul Ball, location: 2F 0-2: Ball 1-2: Ball 2-2: Foul Ball, location: 2F 2-2: Ground out 6-3 (Groundball, 6, EV 85.0 MPH)
|
Batting: RHB Jim Unknown
|
0-0: Ball 1-0: Ball 2-0: Called Strike 2-1: Ground out 5-3 (Groundball, 56S, EV 68.1 MPH)
|
Batting: RHB Justin Young
|
0-0: Ball 1-0: Ball 2-0: Foul Ball, location: 2F 2-1: Foul Ball, location: 2F 2-2: Strikes out swinging
|
Bottom of the 7th over - 0 runs, 0 hits, 0 errors, 0 left on base; Washington State University 14 - University of Michigan 1 |
TOP OF THE 8TH |
Washington State University Cougars batting - Pitching for University of Michigan Wolverines : LHP Benjamin Alderdice
|
Batting: SHB Cedric Sweep
|
0-0: Ball 1-0: Foul Ball, location: 2F 1-1: Swinging Strike 1-2: Reached via error on a dropped throw from SS, E3 (Groundball, 4M, EV 92.5 MPH)
|
Batting: RHB Dave Beerman
|
0-0: Ball 1-0: Ball 2-0: Ball 3-0: Base on Balls Cedric Sweep to second
|
Batting: LHB Toby Clark
|
0-0: Ball 1-0: Ball 2-0: Called Strike 2-1: Ball 3-1: Swinging Strike 3-2: Strikes out swinging
|
Batting: RHB Jon Chatman
|
0-0: Ball 1-0: Hit by Pitch Cedric Sweep to third Dave Beerman to second
|
Batting: RHB Eric Peterson
|
0-0: Fielders Choice at 2nd, 4-6 (Groundball, 4M, EV 110.0 MPH) Cedric Sweep scores Dave Beerman to third
|
Batting: LHB Paul Mooris
|
0-0: Foul Ball, location: 2F 0-1: Ball 1-1: Swinging Strike 1-2: Strikes out swinging
|
Top of the 8th over - 1 run, 0 hits, 1 error, 2 left on base; Washington State University 15 - University of Michigan 1 |
BOTTOM OF THE 8TH |
University of Michigan Wolverines batting - Pitching for Washington State University Cougars : RHP Doug Hafer
|
Batting: LHB Adrian Navarro
|
0-0: Ground out U3 (Groundball, 3, EV 87.5 MPH)
|
Batting: RHB Alvin Abarca
|
0-0: Ball 1-0: Ball 2-0: Ball 3-0: Called Strike 3-1: Ground out 4-3 (Groundball, 4, EV 86.2 MPH)
|
Batting: RHB Jason Rhodes
|
0-0: Ground out 6-3 (Groundball, 6M, EV 98.8 MPH)
|
Bottom of the 8th over - 0 runs, 0 hits, 0 errors, 0 left on base; Washington State University 15 - University of Michigan 1 |
TOP OF THE 9TH |
Washington State University Cougars batting - Pitching for University of Michigan Wolverines : LHP Benjamin Alderdice
|
Batting: RHB Camillo Bonauiti
|
0-0: Ball 1-0: Ball 2-0: Ball 3-0: Base on Balls
|
Pinch Hitting: RHB Ruben Arreola
|
0-0: Ball Wild Pitch! Camillo Bonauiti to second 1-0: Fly out, F8 (Flyball, 89D, EV 94.4 MPH) Runner from 2nd tags up, SAFE at 3rd with throw by CF
|
Batting: RHB Wilson Salgado
|
0-0: Ball Balk! Camillo Bonauiti scores 1-0: Fly out, F7 (Flyball, 78M, EV 80.6 MPH)
|
Batting: SHB Cedric Sweep
|
0-0: Ball 1-0: Foul Ball, location: 2F 1-1: Ball 2-1: Foul Ball, location: 2F 2-2: Ball 3-2: Base on Balls
|
Pinch Hitting: LHB Alex Benabides
|
0-0: Ball Wild Pitch! Cedric Sweep to second 1-0: Ball 2-0: Ball 3-0: Called Strike 3-1: Base on Balls
|
Batting: LHB Toby Clark
|
0-0: Ball 1-0: Fly out, F7 (Flyball, 7, EV 84.4 MPH)
|
Top of the 9th over - 1 run, 0 hits, 0 errors, 2 left on base; Washington State University 16 - University of Michigan 1 |
BOTTOM OF THE 9TH |
University of Michigan Wolverines batting - Pitching for Washington State University Cougars : RHP Doug Hafer
|
Pitching: LHP Brandon Lahoda
|
|
Now at 3B: Ruben Arreola
|
|
Now in RF: Alex Benabides
|
|
Batting: RHB Jamie Broadhurst
|
0-0: Ball 1-0: Called Strike 1-1: Called Strike 1-2: Ball 2-2: Ball 3-2: Foul Ball, location: 2F 3-2: Fly out, F8 (Line Drive, 8RM, EV 93.1 MPH)
|
Batting: RHB Josh Stene
|
0-0: Swinging Strike 0-1: Ball 1-1: Called Strike 1-2: Ball 2-2: Foul Ball, location: 2F 2-2: Strikes out swinging
|
Batting: RHB Alexis Gallegos
|
0-0: Reached via error on a dropped throw from 1B, E1 (Groundball, 34, EV 97.5 MPH)
|
Batting: RHB Chris Everett
|
0-0: Foul Ball, location: 2F 0-1: Foul Ball, location: 2F 0-2: Ball 1-2: Strikes out swinging
|
Bottom of the 9th over - 0 runs, 0 hits, 1 error, 1 left on base; Washington State University 16 - University of Michigan 1 |
|